 Dungeon Crawl Stone Soup version 0.27-a0-1060-gcb85b5eba1 (webtiles) character file.

Game seed: 11718111081143984579

57 harryhousin the Ducker (level 4, -3/57 HPs)
             Began as a Gnoll Wanderer on Apr 21, 2021.
             Slain by a sky beast (6 damage)
             ... on level 2 of the Dungeon.
             The game lasted 00:09:19 (1387 turns).

harryhousin the Ducker (Gnoll Wanderer)             Turns: 1387, Time: 00:09:19

Health: -3/57      AC: 22    Str: 13    XL:     4   Next: 0%
Magic:  5/5        EV:  2    Int: 11    God:
Gold:   35         SH:  0    Dex: 11    Spells: 5/5 levels left

rFire    . . .     SeeInvis .   f - +1 short sword (speed)
rCold    . . .     Faith    .   (no shield)
rNeg     + + +     Spirit   .   (armour currently unavailable)
rPois    +         Reflect  .   (helmet currently unavailable)
rElec    .         Harm     .   (cloak currently unavailable)
rCorr    .         Rampage  .   (gloves currently unavailable)
Will     .....     NoTele   +   (boots currently unavailable)
Stlth    ++........             (no amulet)
HPRegen  0.19/turn              (no ring)
MPRegen  0.09/turn              (no ring)

@: mighty, tree-form
A: stationary, stasis, torment immunity, boosted hp, (fangs 1), strong nose,
distributed training
a: no special abilities


You were on level 2 of the Dungeon.
You were a tree.
You visited 1 branch of the dungeon, and saw 2 of its levels.

You collected 35 gold pieces.

Inventory:

Hand Weapons
 a - a +2 dagger
 f - a +1 short sword of speed (weapon)
Missiles
 g - 2 curare-tipped darts (quivered)
Armour
 d - a +0 robe (melded)
Scrolls
 b - a scroll of blinking
 e - a scroll of magic mapping
 i - a scroll of teleportation
Potions
 c - a potion of lignification
 j - a potion of heal wounds {unknown}


   Skills:
 + Level 4.6 Fighting
 + Level 1.0 Short Blades
 + Level 1.0 Long Blades
 + Level 1.0 Axes
 + Level 2.7 Maces & Flails
 + Level 1.0 Polearms
 + Level 1.0 Staves
 + Level 1.0 Slings
 + Level 1.0 Bows
 + Level 1.0 Crossbows
 + Level 1.0 Throwing
 + Level 1.0 Armour
 + Level 6.5 Dodging
 + Level 4.2 Stealth
 + Level 1.0 Shields
 + Level 4.6 Unarmed Combat
 + Level 1.0 Spellcasting
 + Level 0.7 Conjurations
 + Level 0.7 Hexes
 + Level 0.7 Summonings
 + Level 0.7 Necromancy
 + Level 0.7 Translocations
 + Level 0.7 Transmutations
 + Level 0.7 Fire Magic
 + Level 0.7 Ice Magic
 + Level 0.7 Air Magic
 + Level 0.7 Earth Magic
 + Level 0.7 Poison Magic
 + Level 1.1 Invocations
 + Level 1.0 Evocations


You had 5 spell levels left.
You didn't know any spells.
Your spell library was empty.

Dungeon Overview and Level Annotations

Branches:
Dungeon (2/15)

Altars:

Shops:
D:2 ?


Innate Abilities, Weirdness & Mutations

You are a tree.
Your roots penetrate the ground, keeping you stationary.
You cannot be teleported.
You are immune to unholy pain and torment.
Your maximum health is greatly increased.
Your equipment is partially melded.
((You have very sharp teeth.))
Your uncanny sense of smell can sniff out nearby items.
Your experience applies equally to all skills.


Message History

You hit the adder.
The adder is heavily wounded.
You feel sick. The adder bites you.
* * * LOW HITPOINT WARNING * * *
Really quaff the potion of lignification?
Uppercase [Y]es or [N]o only, please.
Really quaff the potion of lignification?
You turn into a tree.
Your +0 robe melds into your body.
Your roots penetrate the ground.
You feel sick.
You are no longer poisoned.
A sky beast appears from thin air!
Reactivating autopickup.
The adder bites you but does no damage.
The dart slug bites you but does no damage.
You barely miss the adder.
The adder is heavily wounded.
The adder bites you but does no damage.
The dart slug bites you but does no damage.
You puncture the adder!
You kill the adder!
Your Short Blades skill increases to level 1!
Your Long Blades skill increases to level 1!
Your Axes skill increases to level 1!
Your Polearms skill increases to level 1!
Your Staves skill increases to level 1!
Your Slings skill increases to level 1!
Your Bows skill increases to level 1!
Your Crossbows skill increases to level 1!
Your Throwing skill increases to level 1!
Your Armour skill increases to level 1!
Your Shields skill increases to level 1!
Your Spellcasting skill increases to level 1!
Your Evocations skill increases to level 1!
You have reached level 4!
You feel agile.
You puncture the dart slug!
The dart slug is almost dead.
The sky beast hits you.
* * * LOW HITPOINT WARNING * * *
The sky beast shocks you.
You die...

############
..........#
#.........# B
#####.........# ...
#...#..........
.....###.w.........S..
........♣†............
.....####Y............
#.# ##>###)######.
#.###..## #.......#
######..# #.....#.##
#.###.#..# .# ..#..#
#∩#


You could see a sky beast and a dart slug.

Vanquished Creatures
  An adder (D:2)
  3 dart slugs
  2 endoplasms
  5 giant cockroaches
  6 goblins
  5 hobgoblins (D:1)
  3 quokkas (D:1)
  3 ball pythons
  2 ball python skeletons (D:2)
  2 bats (D:1)
  4 kobolds
  2 rats (D:1)
38 creatures vanquished.

Vanquished Creatures (others)
  A withered plant (D:2)
1 creature vanquished.

Grand Total: 39 creatures vanquished

Notes
Turn   | Place    | Note
-------+----------+-------------------------------------------
     0 | D:1      | harryhousin the Gnoll Wanderer began the quest for the Orb.
     0 | D:1      | harryhousin set off with the following items: a +2 dagger,
                  | a scroll of blinking, 2 potions of lignification, a +0 robe
     0 | D:1      | Reached XP level 1. HP: 20/20 MP: 1/1
   199 | D:1      | Reached XP level 2. HP: 23/26 MP: 2/2
   861 | D:1      | Reached XP level 3. HP: 24/31 MP: 3/3
  1198 | D:2      | Reached skill level 1 in Invocations
  1321 | D:2      | Found Saan's Magic Scroll Boutique.
  1349 | D:2      | Noticed a sky beast
  1387 | D:2      | Reached skill level 1 in Short Blades
  1387 | D:2      | Reached skill level 1 in Long Blades
  1387 | D:2      | Reached skill level 1 in Axes
  1387 | D:2      | Reached skill level 1 in Polearms
  1387 | D:2      | Reached skill level 1 in Staves
  1387 | D:2      | Reached skill level 1 in Slings
  1387 | D:2      | Reached skill level 1 in Bows
  1387 | D:2      | Reached skill level 1 in Crossbows
  1387 | D:2      | Reached skill level 1 in Throwing
  1387 | D:2      | Reached skill level 1 in Armour
  1387 | D:2      | Reached skill level 1 in Shields
  1387 | D:2      | Reached skill level 1 in Spellcasting
  1387 | D:2      | Reached skill level 1 in Evocations
  1387 | D:2      | Reached XP level 4. HP: 6/38 MP: 5/5
  1387 | D:2      | Slain by a sky beast

Illustrated notes

Levels and vault maps discovered:
D:1:      dpeg_arrival_rhombi, layout_basic
D:2:      layout_basic, serial_undead, serial_undead_b, serial_undead_a,
          serial_undead_a, serial_undead_b, serial_shops, shop

Skill      XL: |  1  2  3 |
---------------+----------+-----
Invocations    | 1 |  1.1
Short Blades   | 1 |  1.0
Long Blades    | 1 |  1.0
Axes           | 1 |  1.0
Polearms       | 1 |  1.0
Staves         | 1 |  1.0
Slings         | 1 |  1.0
Bows           | 1 |  1.0
Crossbows      | 1 |  1.0
Throwing       | 1 |  1.0
Armour         | 1 |  1.0
Shields        | 1 |  1.0
Spellcasting   | 1 |  1.0
Evocations     | 1 |  1.0
Fighting       | |  4.6
Maces & Flails | |  2.7
Dodging        | |  6.5
Stealth        | |  4.2
Unarmed Combat | |  4.6
Conjurations   | |  0.7
Hexes          | |  0.7
Summonings     | |  0.7
Necromancy     | |  0.7
Translocations | |  0.7
Transmutations | |  0.7
Fire Magic     | |  0.7
Ice Magic      | |  0.7
Air Magic      | |  0.7
Earth Magic    | |  0.7
Poison Magic   | |  0.7

Action                   |  1- 3 |  4- 6 || total
-------------------------+-------+-------++-------
Melee: Dagger            |   105 |       ||   105
       Bite              |    10 |       ||    10
       Short sword       |    13 |     1 ||    14
       Punch             |     1 |       ||     1
  Use: Scroll            |     4 |       ||     4
       Potion            |     2 |       ||     2
 Stab: Sleeping          |    10 |       ||    10
Armor: Robe              |    11 |       ||    11
       Skin              |     4 |       ||     4
Dodge: Dodged            |    59 |       ||    59

Table legend: (Time is in decaauts)
 A = Elapsed time spent in this place.
 B = Non-inter-level travel time spent in this place.
 C = Inter-level travel time spent in this place.
 D = Time resting spent in this place.
 E = Time spent auto-exploring this place.
 F = Levels seen in this place.
 G = Mean time per level.
                   A        B        C        D        E       F      G
               +--------+--------+--------+--------+--------+-----+--------+
         Total |   1380 |   1373 |      7 |    384 |    391 |   2 |  690.0 |
       Dungeon |   1380 |   1373 |      7 |    384 |    391 |   2 |  690.0 |
               +--------+--------+--------+--------+--------+-----+--------+

Top non-repeatable levels by time:
     D:1: 1151 daAuts
     D:2: 228 daAuts
